 Dungeon Crawl Stone Soup version 0.25.0-3-gd7cc5688da (webtiles) character file.

Game seed: 16821100896970548754

69 Ge0ff the Slasher (level 3, -1/29 HPs)
             Began as a Demigod Warper on June 15, 2020.
             Slain by a gnoll
             ... wielding a +0 halberd
              (10 damage)
             ... on level 2 of the Dungeon.
             The game lasted 00:04:08 (2193 turns).

Ge0ff the Slasher (Demigod Warper)                  Turns: 2193, Time: 00:04:09

Health: -1/29      AC:  3    Str: 16    XL:     3   Next: 75%
Magic:  8/8        EV: 15    Int: 17    God:
Gold:   77         SH:  4    Dex: 15    Spells: 5/5 levels left

rFire    . . .     SeeInvis .   a - +1 falchion
rCold    . . .     Gourm    .   K - +0 buckler
rNeg     . . .     Faith    .   b - +0 leather armour
rPois    .         Spirit   .   (no helmet)
rElec    .         Reflect  .   (no cloak)
rCorr    .         Harm     .   (no gloves)
MR       .....                  (no boots)
Stlth    +.........             C - amulet of inaccuracy (curse)
HPRegen  0.09/turn              P - +4 ring of evasion {=R}
MPRegen  0.11/turn              (no ring)

@: no status effects
A: high mp 1
a: no special abilities


You were on level 2 of the Dungeon.
You were not hungry.

You visited 1 branch of the dungeon, and saw 2 of its levels.

You collected 77 gold pieces.

Inventory:

Hand Weapons
 a - a +1 falchion (weapon)
 E - a +0 whip of holy wrath
Missiles
 e - 5 boomerangs of dispersal
 D - 15 poisoned darts (quivered)
 G - 7 stones
 J - 12 boomerangs
 N - 23 bolts
 R - 16 sling bullets
Armour
 b - a +0 leather armour (worn)
 K - a +0 buckler (worn)
Jewellery
 C - a cursed amulet of inaccuracy (around neck)
 P - a +4 ring of evasion (left hand) {=R}
Scrolls
 B - a scroll of blinking
Potions
 M - a potion of might
 O - a potion of ambrosia {unknown}
 S - a potion of mutation {unknown}
Comestibles
 r - 8 rations


   Skills:
 - Level 2.0 Fighting
 * Level 3.5 Long Blades
 - Level 0.8 Throwing
 - Level 0.8 Armour
 - Level 1.7 Dodging
 + Level 1.2 Shields
 - Level 1.7 Spellcasting
   Level 2.6 Translocations


You had 5 spell levels left.
You didn't know any spells.
Your spell library contained the following spells:

 Spells                   Type           Power        Failure   Level  Hunger
 Blink                    Tloc           N/A          17%         2    ###....
 Shroud of Golubria       Chrm/Tloc      #.....       30%         2    ###....
 Gell's Gravitas          Tloc           ##........   34%         3    ###....
 Lesser Beckoning         Tloc           ##........   34%         3    ###....
 Teleport Other           Tloc           ##......     34%         3    ###....
 Passage of Golubria      Tloc           N/A          75%         4    #####..


Dungeon Overview and Level Annotations

Branches:
Dungeon (2/15)


Innate Abilities, Weirdness & Mutations

You have an increased reservoir of magic. (+10% MP)


Message History

You throw a poisoned dart.
The poisoned dart closely misses the gnoll. x2
The gnoll hits you with a +0 flail.
You closely miss the gnoll.
The gnoll is moderately wounded.
The gnoll hits you with a +0 flail.
Throwing (i - inventory. (/) - cycle)
D - 17 poisoned darts (quivered)
Press: ? - help, Shift-Dir - straight line, f/p - gnoll
Aim: a gnoll, wielding a +0 flail (heavily wounded, poisoned)
You throw a poisoned dart.
The poisoned dart closely misses the gnoll.
The poisoned dart barely misses the gnoll.
Throwing (i - inventory. (/) - cycle)
D - 16 poisoned darts (quivered)
Press: ? - help, Shift-Dir - straight line, f/p - gnoll
Aim: a gnoll, wielding a +0 flail (heavily wounded, poisoned)
You throw a poisoned dart.
The poisoned dart barely misses the gnoll. x2
The gnoll hits you with a +0 flail!
The gnoll hits you from afar with a +0 halberd!
You die...

####### #.. ### #..
#.. #.. #.# #.. #.#
#.. #.. . #..
#.####.... #..
#.@gg..(.( #.#
#.######## #.# #.#
######## #.# #.#
#......######.#
#.###.............#
#........#..#######
#####.##.#..#
#.##.#..# #.......#


You could see 2 gnolls.

Vanquished Creatures
  2 gnolls
  An ooze (D:1)
  A worm (D:2)
  A dart slug (D:1)
  3 bats
  3 giant cockroaches (D:1)
  6 goblins (D:1)
  3 hobgoblins (D:1)
  5 jackals
  5 frilled lizards
  6 kobolds
  4 rats (D:1)
40 creatures vanquished.

Notes
Turn   | Place    | Note
-------+----------+-------------------------------------------
     0 | D:1      | Ge0ff the Demigod Warper began the quest for the Orb.
     0 | D:1      | Reached XP level 1. HP: 17/17 MP: 5/5
    33 | D:1      | Reached skill level 2 in Long Blades
   586 | D:1      | Reached XP level 2. HP: 24/24 MP: 7/7
  1034 | D:1      | Reached skill level 3 in Long Blades
  1040 | D:1      | Reached XP level 3. HP: 22/29 MP: 8/8
  1557 | D:2      | Reached skill level 1 in Shields
  1614 | D:2      | Found a hide-covered altar of Uskayaw.
  2193 | D:2      | Slain by a gnoll

Illustrated notes

Levels and vault maps discovered:
D:1:      arrival_zaba_pyramid, layout_loops_ring, minivault_27,
          nrook_mini_backslash
D:2:      layout_loops_cross, eat_drink_and_be_merry_uskayaw,
          minmay_goblin_outpost

Skill      XL: |  1  2  3 |
---------------+----------+-----
Long Blades    | 2 3 |  3.5
Fighting       | 2 |  2.0
Shields        | 1 |  1.2
Throwing       | |  0.8
Armour         | |  0.8
Dodging        | |  1.7
Spellcasting   | |  1.7
Translocations | |  2.6

Action                   || total
-------------------------++-------
Melee: Falchion          ||   127
Throw: Dart              ||    28
  Use: Scroll            ||     5
  Eat: Chunk             ||     4
Armor: Leather armour    ||    42
Dodge: Dodged            ||    98
Block: Buckler           ||    18
       Rpst.: Falchion   ||    21

Levels and vault maps discovered:
D:1:      arrival_zaba_pyramid, layout_loops_ring, minivault_27,
          nrook_mini_backslash
D:2:      layout_loops_cross, eat_drink_and_be_merry_uskayaw,
          minmay_goblin_outpost
